Map: Catalyst LE

Players

ZzeWhyTun

  • Race: Terran Terran
  • League: Diamond
  • Spawn Location: 11:00

PapaSchlumpf - Winner!

  • Race: Zerg Zerg
  • Spawn Location: 5:00

VOD

Have the link to the VOD?

Description

Time

  • Played on: May 8, 2018, 4:58 a.m.
  • Length: 1:59
Show
View Real Time Build Order
Export as new Build Order

ZzeWhyTun Terran 

Build Orders:  

Get SALT Encoding   

  12  0:00  SCV  
  13  0:13  SCV  
  14  0:17  Supply Depot  
  14  0:25  SCV  
  15  0:39  SCV  
  15  0:40  Barracks  
  16  0:47  Refinery  
  16  0:51  SCV  
  17  1:04  SCV  
  18  1:16  SCV  
  19  1:26  Barracks Tech Lab  
  19  1:35  Command Center  
  19  1:41  Bunker  
Show
View Real Time Build Order
Export as new Build Order

PapaSchlumpf Zerg - Winner!

Build Orders: Hatch First 

Get SALT Encoding   

  12  0:01  Drone  
  13  0:12  Overlord  
  13  0:17  Drone  
  14  0:31  Drone x2  
  14  0:35  Drone  
  17  0:54  Hatchery  
  17  0:57  Drone  
  17  0:59  Extractor  
  16  1:14  Spawning Pool  
  16  1:17  Drone  
  16  1:21  Drone  
  17  1:26  Drone  
  17  1:28  Drone  
  19  1:39  Drone  
Tags
 
League
Diamond
Matchup
TvZ
Spawn Locations
Cross Positions
Add a new tag
Caveats
  • Supply blocks, unpowered buildings, or Contaminate may cause inaccurate times.
  • Supply counts are checked every 10 seconds.